| TOP OF THE 1ST |
|
Chicago Cubs batting - Pitching for Miami Marlins : LHP Patrick Meesters
|
|
Pitching: LHP Patrick Meesters
|
|
|
Batting: RHB Elijah Campbell
|
0-0: Called Strike 0-1: Called Strike 0-2: Fly out, F7 (Flyball, 78M, EV 91.9 MPH)
|
|
Batting: RHB Will Leslie
|
0-0: Foul Ball, location: 2F 0-1: Fly out, F3 (Flyball, 3D, EV 83.8 MPH)
|
|
Batting: RHB Efrain Vargas
|
0-0: Ball 1-0: Foul Ball, location: 2F 1-1: Ground out 6-3 (Groundball, 6, EV 85.0 MPH)
|
| Top of the 1st over - 0 runs, 0 hits, 0 errors, 0 left on base; Chicago 0 - Miami 0 |
| BOTTOM OF THE 1ST |
|
Miami Marlins batting - Pitching for Chicago Cubs : LHP Unkei Wakamatsu
|
|
Pitching: LHP Unkei Wakamatsu
|
|
|
Batting: RHB Jeff Garofalo
|
0-0: Swinging Strike 0-1: Swinging Strike 0-2: Strikes out swinging
|
|
Batting: SHB Perry Tuckfard
|
0-0: Ball 1-0: Ball 2-0: Ball 3-0: Called Strike 3-1: Foul Ball, location: 2F 3-2: Base on Balls
|
|
Batting: SHB Matt Altieri
|
0-0: Called Strike 0-1: Ball 1-1: Ground out 5-3 (Groundball, 56S, EV 69.4 MPH) Perry Tuckfard to second
|
|
Batting: LHB Andre Gorter
|
0-0: Ground out 4-3 (Groundball, 34, EV 101.9 MPH)
|
| Bottom of the 1st over - 0 runs, 0 hits, 0 errors, 1 left on base; Chicago 0 - Miami 0 |
| TOP OF THE 2ND |
|
Chicago Cubs batting - Pitching for Miami Marlins : LHP Patrick Meesters
|
|
Batting: SHB Terry Tuckfard
|
0-0: Called Strike 0-1: Ball 1-1: Swinging Strike 1-2: Ball 2-2: TRIPLE (Flyball, 89XD, EV 91.9 MPH)
|
|
Batting: RHB Josh Kalman
|
0-0: Called Strike 0-1: Ball 1-1: Ball 2-1: Ball 3-1: Swinging Strike 3-2: Base on Balls
|
|
Batting: RHB Kaeo Zirpoli
|
0-0: Called Strike 0-1: Fly out, F8 (Flyball, 89M, EV 79.4 MPH) Runner from 3rd tags up, SCORES, no throw by CF
|
|
Batting: RHB Jamie Ogilvie
|
0-0: Ball 1-0: Called Strike 1-1: Ball 2-1: Foul Ball, location: 2F 2-2: Hit by Pitch Josh Kalman to second
|
|
Batting: SHB Art Kent
|
0-0: Foul Ball, location: 2F 0-1: Swinging Strike 0-2: Strikes out swinging
|
|
Batting: RHB Andy Wasierski
|
0-0: Hit by Pitch Josh Kalman to third Jamie Ogilvie to second
|
|
Batting: RHB Elijah Campbell
|
0-0: Ball 1-0: Called Strike 1-1: Swinging Strike 1-2: Ball 2-2: Ball 3-2: Foul Ball, location: 2F 3-2: Base on Balls Josh Kalman scores Jamie Ogilvie to third Andy Wasierski to second
|
|
Batting: RHB Will Leslie
|
0-0: Ball 1-0: Ball 2-0: Foul Ball, location: 2F 2-1: Ball 3-1: Base on Balls Jamie Ogilvie scores Andy Wasierski to third Elijah Campbell to second
|
|
Batting: RHB Efrain Vargas
|
0-0: Ball 1-0: Called Strike 1-1: Called Strike 1-2: Ball 2-2: Ball 3-2: SINGLE (Line Drive, 9S, EV 91.2 MPH) Andy Wasierski scores Elijah Campbell to third Will Leslie to second Elijah Campbell scores Will Leslie to third
|
|
Pitching: LHP Jerry Woods
|
|
|
Batting: SHB Terry Tuckfard
|
0-0: Ball 1-0: Swinging Strike 1-1: Swinging Strike 1-2: Strikes out swinging
|
| Top of the 2nd over - 5 runs, 2 hits, 0 errors, 2 left on base; Chicago 5 - Miami 0 |
| BOTTOM OF THE 2ND |
|
Miami Marlins batting - Pitching for Chicago Cubs : LHP Unkei Wakamatsu
|
|
Batting: RHB Jimmy Groseclose
|
0-0: Ball 1-0: Ball 2-0: Foul Ball, location: 2F 2-1: Foul Ball, location: 2F 2-2: Ball 3-2: Base on Balls
|
|
Batting: RHB Justin Huff
|
0-0: Ball 1-0: Swinging Strike 1-1: Grounds into double play, 5-4-3 (Groundball, 5, EV 90.0 MPH)
|
|
Batting: RHB Seth Tramontano
|
0-0: Ball 1-0: Swinging Strike 1-1: Swinging Strike 1-2: Ground out 5-3 (Groundball, 56S, EV 63.8 MPH)
|
| Bottom of the 2nd over - 0 runs, 0 hits, 0 errors, 0 left on base; Chicago 5 - Miami 0 |
| TOP OF THE 3RD |
|
Chicago Cubs batting - Pitching for Miami Marlins : LHP Jerry Woods
|
|
Batting: RHB Josh Kalman
|
0-0: Called Strike 0-1: Foul Ball, location: 2F 0-2: Ball 1-2: Fly out, F7 (Line Drive, 7D, EV 88.8 MPH)
|
|
Batting: RHB Kaeo Zirpoli
|
0-0: Swinging Strike 0-1: Ball 1-1: Foul Ball, location: 2F 1-2: Ball 2-2: Strikes out swinging, 2-3 out at first.
|
|
Batting: RHB Jamie Ogilvie
|
0-0: Called Strike 0-1: Ground out 5-3 (Groundball, 56, EV 84.4 MPH)
|
| Top of the 3rd over - 0 runs, 0 hits, 0 errors, 0 left on base; Chicago 5 - Miami 0 |
| BOTTOM OF THE 3RD |
|
Miami Marlins batting - Pitching for Chicago Cubs : LHP Unkei Wakamatsu
|
|
Batting: RHB Tommy Hughes
|
0-0: Ball 1-0: Called Strike 1-1: Foul Ball, location: 2F 1-2: Strikes out looking
|
|
Batting: RHB Gavin Helton
|
0-0: Ball 1-0: Ball 2-0: Ground out 4-3 (Groundball, 4, EV 93.1 MPH)
|
|
Batting: RHB Jeff Garofalo
|
0-0: Fly out, F9 (Flyball, 89M, EV 87.5 MPH)
|
| Bottom of the 3rd over - 0 runs, 0 hits, 0 errors, 0 left on base; Chicago 5 - Miami 0 |
| TOP OF THE 4TH |
|
Chicago Cubs batting - Pitching for Miami Marlins : LHP Jerry Woods
|
|
Batting: SHB Art Kent
|
0-0: Called Strike 0-1: Ball 1-1: Swinging Strike 1-2: Strikes out swinging, 2-3 out at first.
|
|
Batting: RHB Andy Wasierski
|
0-0: Ball 1-0: Ball 2-0: Called Strike 2-1: DOUBLE (Line Drive, 9LM, EV 99.4 MPH)
|
|
Batting: RHB Elijah Campbell
|
0-0: Ball 1-0: Ball 2-0: Foul Ball, location: 2F 2-1: Foul Ball, location: 2F 2-2: Ball 3-2: Strikes out swinging
|
|
Batting: RHB Will Leslie
|
0-0: Called Strike 0-1: Foul Ball, location: 2F 0-2: Strikes out swinging
|
| Top of the 4th over - 0 runs, 1 hit, 0 errors, 1 left on base; Chicago 5 - Miami 0 |
| BOTTOM OF THE 4TH |
|
Miami Marlins batting - Pitching for Chicago Cubs : LHP Unkei Wakamatsu
|
|
Batting: SHB Perry Tuckfard
|
0-0: Called Strike 0-1: Ball 1-1: Ground out 2-3 (Groundball, 2L, EV 73.1 MPH)
|
|
Batting: SHB Matt Altieri
|
0-0: Ball 1-0: SINGLE (Groundball, 56S, EV 61.2 MPH) (infield hit)
|
|
Batting: LHB Andre Gorter
|
0-0: Ball 1-0: Swinging Strike 1-1: Ball 2-1: Fly out, F8 (Flyball, 8LD, EV 105.6 MPH)
|
|
Batting: RHB Jimmy Groseclose
|
0-0: Swinging Strike 0-1: Ball 1-1: DOUBLE (Line Drive, 89M, EV 107.5 MPH) Matt Altieri to third Runner from 3rd tries for Home, SAFE, throw by CF to trailing runner, SAFE at third!
|
|
Batting: RHB Justin Huff
|
0-0: Called Strike 0-1: Called Strike 0-2: Foul Ball, location: 2F 0-2: Ball 1-2: Ball 2-2: Strikes out looking
|
| Bottom of the 4th over - 1 run, 2 hits, 0 errors, 1 left on base; Chicago 5 - Miami 1 |
| TOP OF THE 5TH |
|
Chicago Cubs batting - Pitching for Miami Marlins : LHP Jerry Woods
|
|
Batting: RHB Efrain Vargas
|
0-0: Called Strike 0-1: Ball 1-1: Ball 2-1: Ball 3-1: Swinging Strike 3-2: Base on Balls
|
|
Pitching: RHP Brian Glover
|
|
|
Batting: SHB Terry Tuckfard
|
0-0: Fly out, F9 (Flyball, 89S, EV 94.4 MPH)
|
|
Batting: RHB Josh Kalman
|
0-0: Ball 1-0: Ball 2-0: Ball 3-0: Fly out, F7 (Flyball, 7, EV 89.4 MPH)
|
|
Batting: RHB Kaeo Zirpoli
|
0-0: Ball 1-0: Called Strike 1-1: SINGLE (Line Drive, 8LS, EV 103.1 MPH) Efrain Vargas to second
|
|
Batting: RHB Jamie Ogilvie
|
0-0: Ball 1-0: Ball 2-0: Ball 3-0: Foul Ball, location: 2F 3-1: Hit by Pitch Efrain Vargas to third Kaeo Zirpoli to second
|
|
Batting: SHB Art Kent
|
0-0: Ball 1-0: Reached on error, E6 (Groundball, 6, EV 109.4 MPH) Efrain Vargas scores Kaeo Zirpoli to third Jamie Ogilvie to second
|
|
Pinch Hitting: SHB Gerardo Flores
|
0-0: Ball 1-0: Foul Ball, location: 2F 1-1: Ground out 4-3 (Groundball, 4, EV 80.0 MPH)
|
| Top of the 5th over - 1 run, 1 hit, 1 error, 3 left on base; Chicago 6 - Miami 1 |
| BOTTOM OF THE 5TH |
|
Miami Marlins batting - Pitching for Chicago Cubs : LHP Unkei Wakamatsu
|
|
Pitching: LHP Jay Turpin
|
|
|
Now at SS: Yasuhide Kasahara
|
|
|
Batting: RHB Seth Tramontano
|
0-0: Ball 1-0: Called Strike 1-1: Ball 2-1: Ball 3-1: Base on Balls
|
|
Batting: RHB Tommy Hughes
|
0-0: Foul Ball, location: 2F 0-1: Called Strike 0-2: Foul Ball, location: 2F 0-2: Foul Ball, location: 2F 0-2: Ball 1-2: DOUBLE (Flyball, 8LD, EV 105.6 MPH) Seth Tramontano to third
|
|
Pinch Runner at 2nd Manny Gonzalez:
|
|
|
Batting: RHB Gavin Helton
|
0-0: Fly out, F4 (Line Drive, 4, EV 70.6 MPH)
|
|
Batting: RHB Jeff Garofalo
|
0-0: Called Strike 0-1: Foul Ball, location: 2F 0-2: Foul Ball, location: 2F 0-2: Foul Ball, location: 2F 0-2: Ball 1-2: Ball 2-2: Foul Ball, location: 2F 2-2: Ground out 3-1 (Groundball, 34S, EV 92.5 MPH) Seth Tramontano scores Manny Gonzalez to third
|
|
Batting: SHB Perry Tuckfard
|
0-0: Called Strike 0-1: Foul Ball, location: 2F 0-2: Ball 1-2: Foul Ball, location: 2F 1-2: Ball 2-2: SINGLE (Groundball, 3D, EV 97.5 MPH) Manny Gonzalez scores
|
|
Batting: SHB Matt Altieri
|
0-0: Ball 1-0: Fielders Choice at 2nd, U4 (Groundball, 4M, EV 105.0 MPH)
|
| Bottom of the 5th over - 2 runs, 2 hits, 0 errors, 1 left on base; Chicago 6 - Miami 3 |
| TOP OF THE 6TH |
|
Chicago Cubs batting - Pitching for Miami Marlins : RHP Brian Glover
|
|
Now at 2B: Manny Gonzalez
|
|
|
Batting: LHB Kevin Norton
|
0-0: Ball 1-0: Ball 2-0: Called Strike 2-1: Swinging Strike 2-2: Ground out U3 (Groundball, 3L, EV 92.5 MPH)
|
|
Pinch Hitting: SHB Nick Chandler
|
0-0: Ball 1-0: Ground out 5-3 (Groundball, 56, EV 86.2 MPH)
|
|
Pinch Hitting: RHB Steve Bui
|
0-0: SINGLE (Line Drive, 4D, EV 106.9 MPH)
|
|
Batting: SHB Terry Tuckfard
|
0-0: DOUBLE (Line Drive, 89D, EV 104.4 MPH) Steve Bui to third
|
|
Pinch Hitting: SHB Tim Hone
|
0-0: Foul Ball, location: 2F 0-1: Foul Ball, location: 2F 0-2: Ball 1-2: DOUBLE (Line Drive, 78D, EV 108.1 MPH) Steve Bui scores Terry Tuckfard scores
|
|
Pinch Hitting: SHB Seung-ho Zhang
|
0-0: Called Strike 0-1: Ball 1-1: Ball 2-1: Swinging Strike 2-2: Foul Ball, location: 2F 2-2: SINGLE (Groundball, 5L, EV 99.4 MPH) (infield hit) Tim Hone to third
|
|
Pitching: RHP Ian Newman
|
|
|
Pinch Hitting: RHB Shintaro Katsumata
|
0-0: Called Strike 0-1: Ball 1-1: Swinging Strike 1-2: Ground out 1-3 (Groundball, 13S, EV 71.2 MPH)
|
| Top of the 6th over - 2 runs, 4 hits, 0 errors, 2 left on base; Chicago 8 - Miami 3 |
| BOTTOM OF THE 6TH |
|
Miami Marlins batting - Pitching for Chicago Cubs : LHP Jay Turpin
|
|
Now at 1B: Steve Bui
|
|
|
Now at 2B: Shintaro Katsumata
|
|
|
Now at 3B: Nick Chandler
|
|
|
Now in LF: Tim Hone
|
|
|
Now in CF: Seung-ho Zhang
|
|
|
Batting: LHB Andre Gorter
|
0-0: Ball 1-0: Foul Ball, location: 2F 1-1: Fly out, F8 (Line Drive, 8LD, EV 90.6 MPH)
|
|
Batting: RHB Jimmy Groseclose
|
0-0: Foul Ball, location: 2F 0-1: Foul Ball, location: 2F 0-2: Ground out 5-3 (Groundball, 5, EV 87.5 MPH)
|
|
Batting: RHB Justin Huff
|
0-0: Ball 1-0: Ball 2-0: Fly out, F8 (Flyball, 78S, EV 92.5 MPH)
|
| Bottom of the 6th over - 0 runs, 0 hits, 0 errors, 0 left on base; Chicago 8 - Miami 3 |
| TOP OF THE 7TH |
|
Chicago Cubs batting - Pitching for Miami Marlins : RHP Ian Newman
|
|
Pinch Hitting: LHB Barend van der Kamp
|
0-0: Ball 1-0: Fly out, F7 (Flyball, 78S, EV 95.0 MPH)
|
|
Batting: RHB Yasuhide Kasahara
|
0-0: Reached on error, E4 (Groundball, 4, EV 85.6 MPH)
|
|
Batting: LHB Kevin Norton
|
0-0: Ball 1-0: Called Strike 1-1: Ball Wild Pitch! Yasuhide Kasahara to third 2-1: Ball 3-1: Base on Balls
|
|
Batting: SHB Nick Chandler
|
0-0: Ball 1-0: SINGLE (Groundball, 4D, EV 94.4 MPH) Yasuhide Kasahara scores Kevin Norton to second Runner from 2nd tries for 3rd, OUT! 9-5
|
|
Batting: RHB Steve Bui
|
0-0: Called Strike 0-1: Foul Ball, location: 2F 0-2: Strikes out looking
|
| Top of the 7th over - 1 run, 1 hit, 1 error, 1 left on base; Chicago 9 - Miami 3 |
| BOTTOM OF THE 7TH |
|
Miami Marlins batting - Pitching for Chicago Cubs : LHP Jay Turpin
|
|
Now in RF: Barend van der Kamp
|
|
|
Batting: RHB Seth Tramontano
|
0-0: Ball 1-0: Ground out 5-3 (Groundball, 5S, EV 71.2 MPH)
|
|
Batting: RHB Manny Gonzalez
|
0-0: Fly out, F3 (Popup, 3F, EV 68.1 MPH)
|
|
Batting: RHB Gavin Helton
|
0-0: Ball 1-0: Called Strike 1-1: Ground out 1-3 (Groundball, 15S, EV 68.8 MPH)
|
| Bottom of the 7th over - 0 runs, 0 hits, 0 errors, 0 left on base; Chicago 9 - Miami 3 |
| TOP OF THE 8TH |
|
Chicago Cubs batting - Pitching for Miami Marlins : RHP Ian Newman
|
|
Batting: SHB Terry Tuckfard
|
0-0: Ball 1-0: Foul Ball, location: 2F 1-1: Foul Ball, location: 2F 1-2: Ball 2-2: Ground out 4-3 (Groundball, 4, EV 94.4 MPH)
|
|
Batting: SHB Tim Hone
|
0-0: Ball 1-0: Ball 2-0: Called Strike 2-1: SINGLE (Groundball, 6MD, EV 100.0 MPH)
|
|
Batting: SHB Seung-ho Zhang
|
0-0: Ball 1-0: Foul Ball, location: 2F 1-1: Called Strike 1-2: Ball 2-2: Foul Ball, location: 2F 2-2: Ground out U3 (Groundball, 3S, EV 74.4 MPH) Tim Hone to second
|
|
Batting: RHB Shintaro Katsumata
|
0-0: Ball 1-0: Called Strike 1-1: SINGLE (Groundball, 6MD, EV 105.0 MPH) Tim Hone to third Runner from 3rd tries for Home, SAFE, throw by CF to home
|
|
Batting: LHB Barend van der Kamp
|
0-0: Foul Ball, location: 2F 0-1: Foul Ball, location: 2F 0-2: Strikes out looking
|
| Top of the 8th over - 1 run, 2 hits, 0 errors, 1 left on base; Chicago 10 - Miami 3 |
| BOTTOM OF THE 8TH |
|
Miami Marlins batting - Pitching for Chicago Cubs : LHP Jay Turpin
|
|
Batting: LHB Luis Aguilar
|
0-0: Ball 1-0: Ball 2-0: Ball 3-0: Called Strike 3-1: Foul Ball, location: 2F 3-2: DOUBLE (Flyball, 8LD, EV 93.1 MPH)
|
|
Pitching: LHP Bill Cooksey
|
|
|
Pinch Hitting: LHB Adrian Young
|
0-0: Ball 1-0: Foul Ball, location: 2F 1-1: TRIPLE (Line Drive, 89XD, EV 106.2 MPH) Luis Aguilar scores
|
|
Batting: SHB Matt Altieri
|
0-0: Foul Ball, location: 2F 0-1: Ball 1-1: Fly out, F8 (Flyball, 8RD, EV 85.6 MPH) Runner from 3rd tags up, SCORES, throw by CF
|
|
Pinch Hitting: RHB Wei-guo Tsu
|
0-0: Called Strike 0-1: Ball 1-1: Foul Ball, location: 2F 1-2: Strikes out swinging
|
|
Batting: RHB Jimmy Groseclose
|
0-0: Ball 1-0: Ball 2-0: Called Strike 2-1: Ball 3-1: Called Strike 3-2: Base on Balls
|
|
Batting: RHB Justin Huff
|
0-0: Ball 1-0: Foul Ball, location: 2F 1-1: Fly out, F3 (Line Drive, 3, EV 65.6 MPH)
|
| Bottom of the 8th over - 2 runs, 2 hits, 0 errors, 1 left on base; Chicago 10 - Miami 5 |
| TOP OF THE 9TH |
|
Chicago Cubs batting - Pitching for Miami Marlins : RHP Ian Newman
|
|
Now at 1B: Adrian Young
|
|
|
Now in CF: Wei-guo Tsu
|
|
|
Batting: RHB Yasuhide Kasahara
|
0-0: Ball 1-0: Ball 2-0: Called Strike 2-1: Foul Ball, location: 2F 2-2: Ball 3-2: Base on Balls
|
|
Pitching: LHP Mark Palomo
|
|
|
Batting: LHB Kevin Norton
|
0-0: Ball 1-0: Foul Ball, location: 2F 1-1: Ball 2-1: Ball 3-1: Foul Ball, location: 2F 3-2: DOUBLE (Groundball, 3L, EV 101.2 MPH) Yasuhide Kasahara to third
|
|
Batting: SHB Nick Chandler
|
0-0: Ground out 5-3 (Groundball, 56S, EV 84.4 MPH) Yasuhide Kasahara scores
|
|
Batting: RHB Steve Bui
|
0-0: Ground out 5-3 (Groundball, 5, EV 81.2 MPH)
|
|
Batting: SHB Terry Tuckfard
|
0-0: Called Strike 0-1: Ground out 1-3 (Groundball, 34S, EV 66.9 MPH)
|
| Top of the 9th over - 1 run, 1 hit, 0 errors, 1 left on base; Chicago 11 - Miami 5 |
| BOTTOM OF THE 9TH |
|
Miami Marlins batting - Pitching for Chicago Cubs : LHP Bill Cooksey
|
|
Batting: RHB Seth Tramontano
|
0-0: Called Strike 0-1: Ball 1-1: Foul Ball, location: 2F 1-2: Ground out 4-3 (Groundball, 4M, EV 83.8 MPH)
|
|
Batting: RHB Manny Gonzalez
|
0-0: Ball 1-0: Called Strike 1-1: Foul Ball, location: 2F 1-2: Strikes out swinging
|
|
Batting: RHB Gavin Helton
|
0-0: Called Strike 0-1: Foul Ball, location: 2F 0-2: Strikes out swinging
|
| Bottom of the 9th over - 0 runs, 0 hits, 0 errors, 0 left on base; Chicago 11 - Miami 5 |
|